Map: King's Cove LE

Players

souL

  • Race: Terran Terran
  • Spawn Location: 11:00

Hellraiser - Winner!

  • Race: Protoss Protoss
  • Spawn Location: 5:00

Event: 2019 WCS Summer

VOD

Have the link to the VOD?

Description

Time

  • Played on: July 12, 2019, 7:26 a.m.
  • Length: 20:24

All games in this series

Show
View Real Time Build Order
Export as new Build Order

souL Terran 

Build Orders:  

Get SALT Encoding   

  12  0:00  SCV  
  13  0:13  SCV  
  14  0:17  Supply Depot  
  14  0:25  SCV  
  15  0:28  Refinery  
  15  0:39  SCV  
  16  0:45  Barracks  
  16  0:51  SCV  
  17  1:03  SCV  
  18  1:15  SCV  
  20  1:32  Reaper  
  20  1:33  Orbital Command  
  20  1:45  Command Center  
  20  1:57  Factory  
  20  2:01  SCV  
  20  2:07  Barracks Reactor  
  21  2:14  Supply Depot  
  21  2:15  SCV  
  22  2:19  Refinery  
  22  2:27  SCV  
  23  2:39  SCV  
  24  2:46  Starport  
  24  2:50  Hellion x2  
  28  2:51  SCV  
  29  3:03  SCV  
  30  3:11  Hellion x2  
  34  3:14  Orbital Command  
  34  3:17  SCV  
  35  3:27  Viking  
  37  3:30  SCV  
  38  3:42  Factory Tech Lab, Marine, SCV  
  38  3:44  Supply Depot  
  38  3:45  SCV  
  41  3:54  SCV, Supply Depot  
  42  3:58  SCV  
  42  4:01  Marine  
  41  4:06  SCV  
  38  4:10  SCV  
  38  4:15  Cyclone  
  38  4:17  Marine  
  38  4:18  SCV  
  38  4:20  Liberator  
  38  4:22  SCV  
  41  4:29  Bunker, Marine  
  41  4:30  SCV  
  43  4:34  SCV  
  45  4:42  Marine, SCV  
  47  4:46  SCV  
  47  4:48  Siege Tank, Marine  
  52  4:54  SCV  
  52  4:58  SCV  
  54  5:00  Marine  
  54  5:05  Marine, Command Center  
  56  5:09  SCV  
  57  5:16  SCV  
  57  5:18  Marine  
  57  5:20  Medivac  
  61  5:22  Supply Depot  
  61  5:23  Marine  
  60  5:29  SCV  
  60  5:30  SCV  
  57  5:36  Marine  
  57  5:41  Marine, SCV  
  57  5:42  Siege Tank  
  51  5:43  SCV  
  51  5:53  SCV  
  51  5:54  Marine  
  51  5:55  SCV  
  54  5:59  Marine  
  54  6:05  SCV  
  54  6:07  SCV  
  53  6:12  Marine  
  53  6:13  Starport Tech Lab  
  53  6:17  Siege Tank, Marine  
  53  6:18  SCV  
  59  6:19  Orbital Command, SCV  
  60  6:29  Marine  
  60  6:30  SCV  
  60  6:31  SCV, Cloaking Field  
  60  6:32  Banshee  
  66  6:34  Marine  
  66  6:36  Refinery x2  
  66  6:39  Supply Depot  
  67  6:42  SCV  
  67  6:46  SCV x2  
  71  6:54  SCV  
  71  7:00  Barracks  
  71  7:03  Barracks  
  71  7:04  Engineering Bay, SCV  
  71  7:05  Factory Reactor  
  71  7:06  Engineering Bay  
  71  7:07  Stimpack, Marine  
  71  7:08  SCV  
  75  7:17  Banshee  
  75  7:20  Orbital Command  
  75  7:21  Supply Depot  
  78  7:23  Barracks x2  
  78  7:26  SCV  
  78  7:27  SCV  
  79  7:33  Marine  
  80  7:38  SCV  
  80  7:41  Terran Infantry Armor Level 1  
  80  7:42  SCV  
  82  7:50  Widow Mine x2, SCV  
  82  7:51  Marine  
  87  7:52  Marine x2  
  87  7:54  SCV  
  87  7:57  SCV  
  92  8:00  Raven  
  92  8:02  SCV  
  92  8:03  Barracks Tech Lab  
  92  8:04  Terran Infantry Weapons Level 1  
  95  8:07  SCV  
  95  8:09  Marine  
  95  8:10  Marine x2  
  97  8:13  SCV  
  97  8:18  Missile Turret  
  98  8:23  Barracks Tech Lab, Barracks Reactor  
  98  8:24  Marine  
  98  8:26  Widow Mine x2  
  101  8:30  Marine  
  101  8:31  Marine x2, SCV  
  92  8:40  Combat Shield  
  88  8:42  Marine x2  
  88  8:43  Medivac  
  88  8:44  SCV  
  93  8:48  Marine  
  93  8:49  Marine x2  
  90  8:55  Orbital Command  
  90  8:59  Marine  
  90  9:00  Marine x2  
  90  9:01  SCV  
  85  9:03  Marine  
  85  9:06  Marine  
  85  9:07  Concussive Shells, Marine x2  
  70  9:17  Marine  
  70  9:18  Marine x2  
  70  9:20  SCV x2  
  70  9:21  Marine, SCV  
  70  9:22  Factory Reactor  
  77  9:24  Marine  
  77  9:25  Marine x2  
  77  9:27  Medivac  
  77  9:28  Medivac  
  77  9:30  Missile Turret  
  84  9:32  SCV x2  
  84  9:33  SCV  
  84  9:34  Marine  
  84  9:35  Ghost Academy, Marine  
  84  9:36  Marine  
  90  9:39  Marine  
  90  9:42  Marine x3  
  90  9:44  SCV x2  
  96  9:46  SCV  
  96  9:49  Supply Depot  
  96  9:50  Supply Depot  
  97  9:56  SCV x2  
  101  10:06  SCV  
  101  10:08  SCV x2, Medivac  
  101  10:11  Medivac  
  110  10:18  SCV, Supply Depot x2  
  110  10:20  SCV  
  111  10:23  Marine x4, Ghost x3  
  111  10:28  Widow Mine  
  115  10:31  Widow Mine  
  116  10:41  Marine x3  
  112  10:52  Orbital Command  
  112  11:01  Supply Depot  
  112  11:04  Supply Depot x2  
  110  11:21  Marine, Ghost, Medivac x2  
  110  11:22  SCV  
  110  11:23  Marine x5, Widow Mine  
  123  11:26  Widow Mine  
  123  11:31  Missile Turret  
  122  11:33  Supply Depot  
  122  11:36  Supply Depot  
  122  11:39  Marine  
  123  11:40  Marine x4  
  123  11:41  Marauder  
  123  11:45  Widow Mine  
  131  11:49  Marine, Supply Depot  
  131  11:51  Medivac  
  134  11:56  Marine  
  134  11:58  Marine x4  
  134  11:59  Missile Turret x2  
  139  12:02  Marauder  
  128  12:25  Widow Mine x2  
  128  12:26  Marine x3, Ghost x3  
  128  12:27  Marine  
  131  12:37  Medivac  
  130  12:44  Marine x3  
  130  12:46  Widow Mine  
  131  12:54  Ghost x2  
  131  12:55  Marauder  
  131  12:58  Marine  
  123  13:02  Marine  
  123  13:03  Marine  
  123  13:04  Marine  
  127  13:06  Widow Mine  
  127  13:09  Widow Mine  
  127  13:12  Missile Turret  
  128  13:13  Missile Turret  
  128  13:15  Medivac x2  
  128  13:16  Marine x2  
  131  13:20  Marine  
  131  13:21  Marine  
  131  13:22  Marine  
  131  13:23  Marine x2  
  136  13:27  Widow Mine  
  136  13:28  SCV x2  
  136  13:34  Marine x2, SCV  
  140  13:36  Command Center  
  140  13:37  Marine  
  140  13:38  Marine  
  140  13:40  Marine, SCV  
  140  13:41  Marauder, Marine  
  147  13:45  Medivac  
  147  13:51  Marine  
  147  13:52  Marauder  
  139  13:55  Marine  
  139  13:56  Marine  
  139  13:58  Marine  
  139  13:59  Marauder  
  138  14:03  Marauder  
  138  14:09  Marine  
  126  14:13  Marine  
  126  14:14  Marine, Marauder  
  126  14:15  Marine  
  126  14:17  Widow Mine x2  
  129  14:21  Marauder  
  131  14:24  Marauder  
  131  14:27  Marine  
  131  14:29  Medivac  
  131  14:31  Marine  
  122  14:32  Marine  
  122  14:33  Marine  
  122  14:34  Marine  
  117  14:41  Marine  
  117  14:45  Marine x2  
  114  14:49  Marine  
  114  14:50  Marine  
  114  14:51  Marine  
  114  14:52  Marine, Planetary Fortress  
  109  14:53  SCV x2  
  109  14:57  Widow Mine x2  
  109  14:59  Marine  
  113  15:03  Marine x2  
  113  15:07  Marine x2  
  111  15:08  SCV  
  111  15:09  Marine  
  111  15:10  Marine, Medivac  
  111  15:12  SCV  
  117  15:14  Medivac  
  117  15:15  SCV  
  117  15:17  Marine  
  117  15:20  Marine, Armory, SCV  
  117  15:21  Marine, Widow Mine x2  
  125  15:24  Marine  
  125  15:25  Marine  
  125  15:27  Marine  
  125  15:28  Marine  
  129  15:35  Marine, Refinery x2  
  130  15:36  Refinery, SCV  
  130  15:37  Refinery  
  130  15:40  Medivac  
  135  15:42  Marine, Widow Mine  
  135  15:43  Marauder  
  138  15:50  Marauder, Marine  
  138  15:54  Marine  
  138  15:55  Marauder  
  142  16:04  Marine  
  142  16:05  Marine, Marauder  
  142  16:07  Marine  
  143  16:11  Marauder, Medivac  
  143  16:12  Marine  
  143  16:16  Marauder  
  133  16:33  Medivac  
  133  16:36  Widow Mine  
  131  16:40  Terran Infantry Weapons Level 2  
  131  16:42  Starport  
  129  16:50  Marine, Command Center  
  129  16:51  Marauder  
  129  16:53  Marine x5  
  134  17:00  Barracks  
  134  17:01  Barracks  
  134  17:04  Medivac x2  
  134  17:08  Marine  
  132  17:11  Marine x3, Terran Infantry Armor Level 2  
  132  17:12  Marauder x2  
  132  17:13  Marine  
  128  17:26  Marine, Missile Turret  
  128  17:27  Sensor Tower  
  128  17:29  SCV x2  
  131  17:31  Marauder  
  149  17:37  Viking x3  
  139  17:47  Ghost x2  
  143  17:52  Barracks Tech Lab x2  
  143  17:53  Ghost  
  145  18:00  Liberator  
  145  18:02  Supply Depot  
  145  18:11  Viking  
  134  18:20  Viking  
  129  18:30  Marauder  
  129  18:32  Marauder, Marine  
  132  18:39  Marauder, Marine  
  132  18:40  Marauder  
  128  18:44  Marauder, Marine  
  128  18:46  Viking x2  
  123  18:49  Marine  
  123  18:51  Marauder, Marine  
  123  18:53  Marauder  
  129  18:57  Marine  
  129  19:01  Marauder x2  
  129  19:05  Marauder  
  129  19:06  Marine  
  105  19:10  Marine  
  105  19:12  Marauder  
  105  19:15  Marauder  
  99  19:20  Marine  
  99  19:22  Marauder, Marine  
  91  19:24  Marine  
  91  19:30  Marine  
  92  19:38  Viking, Marine  
  90  19:39  Marauder  
  90  19:41  Marauder  
  90  19:43  Marine  
  87  19:48  Marauder  
  87  19:51  Marine  
  87  19:52  Marauder  
  80  19:55  Marine  
  72  20:00  Marine  
  72  20:02  Marine  
Show
View Real Time Build Order
Export as new Build Order

Hellraiser Protoss - Winner!

Build Orders: 1 Gate Expand, Oracle Opening 

Get SALT Encoding   

  12  0:00  Probe  
  13  0:12  Probe  
  14  0:17  Pylon  
  14  0:21  Probe  
  15  0:31  Probe  
  16  0:36  Gateway  
  16  0:41  Probe  
  16  0:46  Assimilator  
  17  0:54  Probe  
  18  1:06  Probe  
  20  1:18  Probe  
  20  1:27  Nexus  
  20  1:33  Cybernetics Core  
  20  1:36  Probe  
  21  1:42  Assimilator  
  21  1:48  Probe  
  21  1:52  Pylon  
  22  1:59  Probe  
  22  2:00  Adept  
  23  2:08  Probe  
  26  2:16  Probe  
  26  2:20  Stargate  
  27  2:30  Adept  
  27  2:31  Probe  
  27  2:33  Warp Gate  
  27  2:36  Probe  
  30  2:43  Probe  
  31  2:44  Probe  
  32  2:54  Probe, Oracle  
  32  2:55  Probe  
  37  3:06  Probe  
  37  3:07  Probe  
  39  3:18  Probe, Adept  
  39  3:19  Probe  
  43  3:25  Oracle  
  41  3:28  Shield Battery  
  41  3:29  Pylon  
  41  3:30  Probe  
  45  3:34  Probe  
  46  3:47  Probe x2  
  48  3:53  Nexus  
  48  3:59  Probe x2  
  48  4:07  Oracle  
  42  4:10  Probe  
  42  4:12  Probe  
  43  4:18  Probe  
  43  4:24  Probe  
  45  4:37  Probe x2  
  45  4:38  Phoenix  
  47  4:42  Adept  
  47  4:45  Pylon  
  51  4:49  Probe x2  
  53  4:57  Gateway  
  53  4:58  Gateway  
  53  5:01  Probe  
  53  5:02  Probe  
  53  5:03  Probe  
  56  5:13  Probe x2  
  57  5:15  Probe  
  57  5:19  Forge, Twilight Council  
  59  5:25  Probe  
  59  5:27  Probe  
  59  5:28  Probe  
  53  5:38  Probe  
  53  5:39  Stalker, Probe  
  53  5:40  Probe, Oracle  
  58  5:48  Assimilator  
  55  5:50  Probe  
  55  5:51  Probe, Assimilator  
  55  5:52  Probe  
  61  5:57  Stalker  
  61  6:00  Stalker  
  61  6:01  Charge  
  61  6:02  Stalker, Probe  
  63  6:04  Probe  
  63  6:05  Probe  
  65  6:14  Probe  
  65  6:16  Probe  
  67  6:18  Probe  
  67  6:21  Gateway  
  67  6:22  Protoss Ground Armor Level 1, Gateway  
  68  6:26  Probe  
  68  6:29  Probe  
  68  6:31  Pylon  
  70  6:32  Robotics Facility  
  70  6:33  Probe  
  71  6:40  Gateway  
  71  6:41  Gateway  
  71  6:47  Gateway  
  71  6:48  Gateway  
  71  6:50  Gateway  
  71  6:53  Templar Archives  
  71  6:55  Pylon  
  71  6:58  Probe  
  71  7:00  Pylon  
  72  7:01  Sentry  
  72  7:03  Zealot x2  
  76  7:10  Warp Prism  
  76  7:13  Probe x2  
  79  7:22  Zealot x2  
  84  7:26  Zealot x3  
  89  7:33  Probe  
  89  7:35  Probe  
  89  7:37  Phoenix  
  89  7:43  Zealot x2  
  95  7:45  Probe  
  95  7:46  Zealot x2  
  95  7:47  Probe  
  95  7:49  Observer  
  100  7:54  Pylon  
  100  7:56  Pylon  
  100  8:04  Probe x3  
  97  8:14  Observer  
  97  8:16  Probe  
  95  8:21  Probe  
  95  8:26  Zealot x5  
  95  8:27  Zealot x5  
  104  8:33  Probe  
  110  8:43  Probe x2  
  110  8:45  Probe  
  111  8:51  Protoss Ground Armor Level 2  
  111  8:53  Zealot x4  
  111  8:54  Zealot x2  
  111  8:55  Probe x2  
  115  8:57  Probe  
  115  8:58  Blink  
  104  9:07  Probe x2  
  104  9:09  Probe  
  99  9:15  Probe  
  93  9:19  Probe  
  93  9:21  Probe, Warp Prism  
  93  9:23  Probe  
  96  9:25  Assimilator  
  96  9:26  Assimilator  
  96  9:27  High Templar x2  
  101  9:33  High Templar x2  
  101  9:35  Archon  
  101  9:37  High Templar x2  
  111  9:38  Archon  
  111  9:42  Zealot x2  
  111  9:44  Archon  
  115  9:48  Probe  
  115  9:51  Pylon  
  116  10:11  Nexus  
  116  10:18  Zealot  
  118  10:22  Probe  
  118  10:23  Pylon  
  118  10:24  Pylon  
  119  10:30  Zealot x3  
  117  10:52  Zealot x4  
  125  10:59  Phoenix  
  125  11:03  Nexus  
  125  11:04  Pylon  
  124  11:15  Zealot x2  
  124  11:17  Probe x2  
  121  11:28  Nexus  
  121  11:29  Probe x2  
  122  11:38  Pylon  
  122  11:41  Probe x2, Pylon  
  122  11:42  Stalker x3  
  130  11:53  Probe  
  131  11:55  High Templar, Protoss Ground Weapons Level 1  
  131  11:57  Probe  
  131  11:59  High Templar x2, Pylon  
  131  12:00  High Templar  
  140  12:03  Archon  
  140  12:04  Archon  
  140  12:05  High Templar  
  140  12:06  High Templar  
  144  12:11  Archon  
  144  12:12  Stalker  
  144  12:15  Probe  
  143  12:19  Probe  
  140  12:23  Zealot  
  140  12:27  Zealot  
  144  12:35  Stalker x2  
  148  12:43  Probe  
  144  12:45  Probe x2  
  144  12:50  Stalker  
  148  12:54  Probe  
  148  12:55  Probe x2  
  148  12:57  Probe, Immortal  
  130  13:02  Probe  
  130  13:03  Pylon  
  130  13:04  Probe  
  113  13:07  Probe  
  113  13:09  Probe  
  113  13:12  Probe  
  111  13:13  High Templar  
  111  13:14  High Templar x3  
  111  13:18  Archon  
  111  13:19  Archon  
  112  13:24  Sentry x2  
  112  13:25  Stalker  
  114  13:29  Robotics Bay  
  114  13:30  Stalker  
  114  13:32  Zealot x2  
  108  13:54  Zealot x9  
  108  13:55  Zealot  
  113  13:56  Probe  
  113  13:59  Probe  
  113  14:01  Probe  
  113  14:02  Probe  
  111  14:08  Probe  
  108  14:11  Probe  
  108  14:13  Probe  
  102  14:19  Zealot x5  
  109  14:25  Zealot x3  
  109  14:30  Zealot  
  104  14:38  Zealot, Colossus  
  97  14:42  Zealot  
  97  14:43  Zealot x2  
  89  14:46  Zealot x3  
  89  14:47  Zealot  
  85  15:08  Stalker x4  
  85  15:09  Extended Thermal Lance  
  85  15:12  Zealot x2  
  91  15:17  Oracle  
  91  15:22  Sentry x4  
  91  15:27  Observer  
  103  15:38  Colossus  
  103  15:40  Nexus  
  103  15:44  Pylon  
  109  15:56  Stalker x2  
  113  16:01  Stalker x2  
  115  16:06  Probe  
  97  16:21  Colossus  
  97  16:22  Probe  
  97  16:24  Probe  
  91  16:25  Probe  
  91  16:27  Probe  
  93  16:34  Probe  
  93  16:36  Probe  
  101  16:43  Probe  
  103  16:47  Zealot x2  
  99  16:55  Zealot x3, Probe  
  99  17:00  Probe x2  
  104  17:07  Warp Prism  
  103  17:08  Zealot x2  
  108  17:25  High Templar x4  
  108  17:29  Archon x2  
  116  17:30  High Templar x3  
  116  17:31  High Templar  
  116  17:32  Zealot  
  116  17:34  Archon  
  126  17:37  Archon  
  126  17:39  Stalker  
  128  18:01  Stalker x5  
  128  18:03  Zealot x4  
  146  18:24  Stalker x4  
  150  18:28  Zealot x4  
  149  18:48  Stalker x3  
  147  18:49  Sentry  
  147  18:50  Sentry, Zealot x2  
  147  18:51  Zealot  
  133  19:13  Zealot x8  
  131  19:31  Nexus  
  129  19:37  Stalker x3  
  99  19:53  Zealot x4  
  97  20:02  Sentry x3  
  97  20:03  Sentry  
  97  20:04  Stalker x2  
  99  20:21  Zealot x4  
Tags
 
Add a new tag
Caveats
  • Supply blocks, unpowered buildings, or Contaminate may cause inaccurate times.
  • Supply counts are checked every 10 seconds.